 Dungeon Crawl Stone Soup version 0.30.1-9-gdf580d7c3d (webtiles) character file.

Game seed: 9413018873133763179

1531329 grothendieck the Hand of Fortune (level 27, 271/271 HPs)
             Began as a Hill Orc Fighter on Oct 21, 2023.
             Was the Champion of Nemelex Xobeh.
             Escaped with the Orb
             ... and 3 runes on Oct 22, 2023!
             The game lasted 06:13:07 (83549 turns).

grothendieck the Hand of Fortune (HOFi)            Turns: 83549, Time: 06:13:07

Health: 271/271    AC: 47    Str: 35      XL:     27
Magic:  13/13      EV: 12    Int:  8 (9)  God:    Nemelex Xobeh [******]
Gold:   5769       SH: 26    Dex:  9 (12) Spells: 18/34 levels left

rFire   + + .        a - +9 broad axe (antimagic)
rCold   + + +        J - +0 tower shield {rF+}
rNeg    + . .        K - +7 gold dragon scales
rPois   +            S - +2 hat {Will+}
rElec   +            n - +2 cloak {rCorr}
rCorr   +            F - +2 pair of gloves
SInv    +            j - +0 pair of boots of the Untouchables {rElec Regen+}
Will    +++++        c - amulet of Equilibrium {Reflect Drain Will++ rCorr Dex+3 SH+5} Stlth
                     e - ring "Bufrafev" {rC++ AC+4}
HPRegen 2.25/turn    W - ring "Weoly" {rPois rN+ Slay+6 SInv Stlth-}
MPRegen 0.13/turn

%: reflection
@: studying 3 skills
A: hooves 1, regeneration 1, strong 1, devolution 1
0: Orb of Zot
}: 3/15 runes: decaying, serpentine, silver
a: Renounce Religion, Draw Escape, Draw Destruction, Draw Summoning, Draw Stack,
Triple Draw, Deal Four, Stack Five


You escaped.
You worshipped Nemelex Xobeh.
Nemelex Xobeh was exalted by your worship.
You visited 10 branches of the dungeon, and saw 48 of its levels.
You also visited: Bailey, Gauntlet and Volcano.

You collected 8766 gold pieces.
You spent 2997 gold pieces at shops.

Inventory:

Hand Weapons
 a - a +9 antimagic broad axe (weapon)
 b - a +0 broad axe of draining
 p - the +8 war axe of Liw Ohor {freeze, Int+3}
   (You found it on level 1 of the Realm of Zot)

   Int:       It affects your intelligence (+3).
Missiles
 i - 13 javelins (quivered)
 o - 7 silver javelins
 G - 6 throwing nets
 R - 10 curare-tipped darts
Armour
 j - the +0 pair of boots of the Untouchables (worn) {rElec Regen+}
   (You found it on level 2 of the Depths)

   rElec:     It insulates you from electricity.
   Regen:     It increases your rate of health regeneration.
 n - a +2 cloak of preservation (worn)
 F - a +2 pair of gloves (worn)
 J - a +0 tower shield of fire resistance (worn)
 K - +7 gold dragon scales (worn)
 S - a +2 hat of willpower (worn)
 T - the +1 helmet of Dim Light {Str+3 Int-4 SInv Stlth+}
   (You found it on level 2 of the Depths)

   Str:       It affects your strength (+3).
   Int:       It affects your intelligence (-4).
   SInv:      It lets you see invisible.
   Stlth:     It makes you more stealthy.
Jewellery
 c - the amulet of Equilibrium (around neck) {Reflect Drain Will++ rCorr Dex+3 SH+5}
   (You acquired it on level 2 of the Lair of Beasts)

   [amulet of reflection]

   It reflects blocked missile attacks.
   Dex:       It affects your dexterity (+3).
   rCorr:     It protects you from acid and corrosion.
   Drain:     It drains your maximum health when unequipped.
   SH:        It affects your SH (+5).
   Will:      It greatly increases your willpower.
 e - the ring "Bufrafev" (left hand) {rC++ AC+4}
   (You took it off an orc knight on level 5 of the Vaults)

   [ring of protection]

   AC:        It affects your AC (+4).
   rC:        It greatly protects you from cold.
 h - the ring "Ubyvecwu" {rF++ rC- rN+ rCorr AC+4}
   (You bought it in a shop on level 1 of the Vaults)

   [ring of protection]

   AC:        It affects your AC (+4).
   rF:        It greatly protects you from fire.
   rC:        It makes you vulnerable to cold.
   rN:        It protects you from negative energy.
   rCorr:     It protects you from acid and corrosion.
 m - a ring of flight
 W - the ring "Weoly" (right hand) {rPois rN+ Slay+6 SInv Stlth-}
   (You took it off a deep elf sorcerer on level 3 of the Elven Halls)

   [ring of positive energy]

   Slay:      It affects your accuracy & damage with ranged weapons and melee
   (+6).
   rPois:     It protects you from poison.
   rN:        It protects you from negative energy.
   SInv:      It lets you see invisible.
   Stlth:     It makes you less stealthy.
Wands
 d - a wand of quicksilver (20)
 f - a wand of digging (12)
 Z - a wand of iceblast (77)
Scrolls
 y - 25 scrolls of teleportation
 I - 5 scrolls of silence
 M - 6 scrolls of blinking
 O - 11 scrolls of immolation
 P - 13 scrolls of vulnerability
 U - 10 scrolls of fear
 V - 7 scrolls of magic mapping
 X - 2 scrolls of fog
Potions
 k - 6 potions of magic
 l - 7 potions of heal wounds
 q - 5 potions of mutation
 r - 3 potions of brilliance
 s - 7 potions of haste
 t - 6 potions of might
 u - 7 potions of invisibility
 z - 4 potions of ambrosia
 A - a potion of resistance
 B - 13 potions of lignification
 D - 28 potions of curing
 E - 3 potions of berserk rage
 H - 9 potions of attraction
 N - 9 potions of cancellation
Miscellaneous
 C - a phial of floods


   Skills:
 + Level 26.8 Fighting
 - Level 18.0 Axes
 - Level 7.7 Throwing
 + Level 22.2 Armour
 + Level 15.9 Dodging
 + Level 23.2 Shields
 - Level 4.0 Spellcasting
 * Level 10.1 Translocations
 - Level 2.8 Transmutations
 - Level 3.1 Air Magic
 O Level 27 Invocations


You had 18 spell levels left.
You knew the following spells:

 Your Spells              Type           Power      Damage    Failure   Level
a - Apportation           Tloc           34%        N/A       3%          1
b - Blink                 Tloc           34%        N/A       5%          2
c - Wereblood             Tmut           6%         N/A       71%         2
l - Lesser Beckoning      Tloc           34%        N/A       5%          2
p - Passage of Golubria   Tloc           17%        N/A       34%         4
v - Vhi's Electric Charg  Tloc/Air       24%        N/A       41%         3
w - Passwall              Tmut/Erth      2%         N/A       88%         2

Your spell library contained the following spells:

 Spells                   Type           Power      Damage    Failure   Level
 Manifold Assault         Tloc           17%        N/A       34%         4
 Momentum Strike          Conj/Tloc      18%        3d8       38%         2
 Beastly Appendage        Tmut           12%        N/A       56%         1
 Volatile Blastmotes      Fire/Tloc      18%        2d11      63%         3
 Sting                    Tmut/Pois      12%        1d3       77%         1
 Poisonous Vapours        Pois/Air       8%         N/A       87%         2
 Static Discharge         Conj/Air       8%         2-3/arc   87%         2
 Swiftness                Air            6%         N/A       88%         3
 Foxfire                  Conj/Fire      4%         2x1d4     91%         1
 Kiss of Death            Conj/Necr      4%         2d5       91%         1
 Cigotuvi's Dreadful Rot  Necr/Pois/Air  6%         N/A       91%         2
 Iskenderun's Mystic Bla  Conj/Tloc      9%         2d4       95%         4
 Ensorcelled Hibernation  Hex/Ice        2%         N/A       97%         2
 Scorch                   Fire           2%         2d5       97%         2
 Spider Form              Tmut/Pois      3%         N/A       98%         3
 Ignite Poison            Fire/Tmut/Pois 3%         N/A       99%         3
 Mephitic Cloud           Conj/Pois/Air  3%         N/A       99%         3
 Airstrike                Air            3%         2d(1-17)  99%         4
 Dispersal                Tloc           8%         N/A       99%         6
 Confusing Touch          Hex            1%         N/A       100%        3
 Dazzling Flash           Conj/Hex       2%         N/A       100%        3
 Stone Arrow              Conj/Erth      2%         3d7       100%        3
 Tukima's Dance           Hex            1%         N/A       100%        3
 Anguish                  Hex/Necr       0%         N/A       100%        4
 Animate Dead             Necr           1%         N/A       100%        4
 Cause Fear               Hex            0%         N/A       100%        4
 Dispel Undead            Necr           1%         3d6       100%        4
 Flame Wave               Conj/Fire      1%         2d4       100%        4
 Fulminant Prism          Conj/Hex       0%         3d5       100%        4
 Olgreb's Toxic Radiance  Pois           1%         N/A       100%        4
 Sticky Flame             Conj/Fire      1%         2d3       100%        4
 Summon Ice Beast         Ice/Summ       1%         N/A       100%        4
 Summon Lightning Spire   Summ/Air       4%         N/A       100%        4
 Alistair's Intoxication  Tmut/Pois      2%         N/A       100%        5
 Arcjolt                  Conj/Air       2%         1d12      100%        5
 Borgnjor's Vile Clutch   Necr/Erth      0%         N/A       100%        5
 Fireball                 Conj/Fire      0%         3d3       100%        5
 Freezing Cloud           Conj/Ice/Air   1%         6-21      100%        5
 Iskenderun's Battlesphe  Conj           1%         2d6       100%        5
 Lee's Rapid Deconstruct  Erth           0%         3d4*      100%        5
 Summon Mana Viper        Hex/Summ       1%         N/A       100%        5
 Yara's Violent Unravell  Hex/Tmut       1%         3d3       100%        5
 Conjure Ball Lightning   Conj/Air       2%         3x3d6     100%        6
 Death Channel            Necr           0%         N/A       100%        6
 Plasma Beam              Fire/Air       2%         2x1d13    100%        6
 Starburst                Conj/Fire      0%         6d3       100%        6
 Summon Cactus Giant      Summ           0%         N/A       100%        6
 Enfeeble                 Hex            0%         N/A       100%        7
 Haunt                    Necr/Summ      0%         N/A       100%        7
 Malign Gateway           Summ/Tloc      4%         N/A       100%        7
 Monstrous Menagerie      Summ           0%         N/A       100%        7
 Orb of Destruction       Conj           0%         9d5       100%        7
 Storm Form               Tmut/Air       3%         N/A       100%        7
 Discord                  Hex            0%         N/A       100%        8
 Disjunction              Tloc           8%         N/A       100%        8
 Ignition                 Fire           0%         3d3       100%        8
 Infestation              Necr           0%         N/A       100%        8
 Maxwell's Capacitive Co  Air            3%         ∞         100%        8
 Summon Horrible Things   Summ           0%         N/A       100%        8


Dungeon Overview and Level Annotations

Branches:
Dungeon (15/15)            Temple (1/1) D:6            Lair (5/5) D:10
  Swamp (4/4) Lair:3        Snake (4/4) Lair:2        Slime (0/5) Lair:4
    Orc (2/2) D:9             Elf (3/3) Orc:2        Vaults (5/5) D:13
  Crypt (0/3) Vaults:2     Depths (4/4) D:15            Zot (5/5) Depths:4
 Bailey (visited)         Volcano (visited)         Gauntlet (visited)

Altars:
Ashenzari
Cheibriados
Dithmenos
Elyvilon
Fedhas
Gozag
Hepliaklqana
Kikubaaqudgha
Makhleb
Nemelex Xobeh
Okawaru
Qazlal
Ru
Sif Muna
Trog
Uskayaw
Vehumet
Wu Jian
Xom
Yredelemnul
Zin
The Shining One
Beogh
Jiyva
Lugonu

Shops:
D:3 :   D:6 *   D:9 (   D:12 :   Orc:2 (:*[   Elf:1 *   Elf:2 (   Elf:3 ?
Snake:1 (   Vaults:1 :?=   Depths:1 *

Portals:
Hell: Depths:1 Depths:2 Depths:3 Depths:4
Abyss: Zot:5 Depths:3 Depths:4
Pandemonium: Depths:1 Depths:2 Depths:3
Ziggurat: Depths:1

Annotations:
Depths:1 2 transporters, Gemnonof's ghost, adept DgCj
Depths:3 slave vault
Zot:2 exclusions: downstairs and 1 more exclusion
Zot:3 exclusion: upstairs


Innate Abilities, Weirdness & Mutations

You have large cloven feet.
Your natural rate of healing is unusually fast.
Your muscles are strong. (Str +4, Int/Dex -1)
You have hidden genetic defects.


Message History

There is a stone staircase leading down here.
An Ice Fiend comes into view.
As you read the scroll of fog, it crumbles to dust.
The scroll dissolves into smoke.
There is a stone staircase leading up here.
You climb upwards.
There is a stone staircase leading down here.
(D) Dungeon (T) Temple (L) Lair (S) Swamp (P) Snake Pit (M) Slime Pits (O) Orcish Mines (E) Elven Halls (V) Vaults (C) Crypt (U) Depths (H) Hell (Z) Zot
Where to? (Enter - D:1 @ (x,y), ? - help)
What level of the Dungeon? (default 1, ? - help)
Okay, then.
Aiming: Dig
Press: ? - help, Shift-Dir - straight line A rock wall.
The rock shatters into small pieces.
There is a stone staircase leading up here.
Things that are here:
a +0 dagger; a +0 sling You climb upwards.
There is a stone staircase leading down here.
(D) Dungeon (T) Temple (L) Lair (S) Swamp (P) Snake Pit (M) Slime Pits (O) Orcish Mines (E) Elven Halls (V) Vaults (C) Crypt (U) Depths (H) Hell (Z) Zot
Where to? (Enter - D:1 @ (x,y), ? - help)
What level of the Dungeon? (default 1, ? - help)
There is a stone staircase leading down here.
There is a staircase leading out of the dungeon here.
As you read the scroll of butterflies, it crumbles to dust.
You hear the flapping of tiny wings.
As you read the scroll of butterflies, it crumbles to dust.
You hear the flapping of tiny wings.
Your butterfly is knocked back by the sudden gust. x2
As you read the scroll of butterflies, it crumbles to dust.
You hear the flapping of tiny wings.
Your butterfly is knocked back by the sudden gust.
You have escaped!

#.#.# #.##.# ###.##..###### #.#.#
####.# #.##.## #.#.# #.##.#
##.#.#.# #.#.#
##.##.####.###..######
#.#.########.######.#.###.......#
.....>.........#####.####.##.##.#
#...#####.##.##..###b####.##.##.#
....# #.#######bbbb##∩#.##.##.#
##### #.# #@##~~..#####.##.# #.#
####.###..##...... #.#
###.#####....##.# #.#
###.#.#######.##.# #.# ####.###
##....##.# #.# ## #.## #.######.#
#.# ## #.## #.####...# #.# # #..#
#.####.### #.# ##.#####.## #.#


There were no monsters in sight!

Vanquished Creatures
  4 orbs of fire
  A juggernaut (Depths:3)
  3 ancient liches
  Boris (Vaults:3)
  3 caustic shrikes (Depths:3)
  8 Killer Klowns
  Saint Roka (Vaults:3)
  Xtahua (Depths:3)
  Nikola (Swamp:4)
  8 golden dragons
  2 bone dragons
  5 electric golems
  A hellephant (Depths:2)
  Jorgrun (Elf:2)
  A walking crystal tome (Depths:2)
  16 tentacled monstrosities
  3 liches
  26 Orb Guardians
  9 titans
  2 deep elf master archers (Elf:3)
  9 quicksilver dragons
  6 death cobs
  2 deep elf blademasters (Elf:3)
  Kirke (D:15)
  Frances (Snake:1)
  10 sphinxes
  4 tengu reavers
  6 shadow dragons
  13 storm dragons
  6 draconian monks
  2 thorn hunters (Swamp:4)
  A fenstrider witch (Depths:2)
  7 nagarajas
  3 frost giants
  An azure jelly (shapeshifter) (D:15)
  9 fire giants
  2 draconian knights
  4 iron dragons
  A deep elf elementalist (Elf:3)
  5 deep elf sorcerers
  4 ghost moths
  19 vault wardens
  2 balrugs
  6 draconian scorchers
  Aizul (Snake:1)
  A ghoul (Swamp:1)
  6 draconian annihilators
  3 draconian shifters
  4 draconian stormcallers (Zot:1)
  3 orc warlords
  20 ironbound preservers
  10 ironbound thunderhulks
  14 stone giants
  A broodmother (D:15)
  A war gargoyle (Vaults:3)
  22 very ugly things
  A minotaur (Gauntlet)
  Azrael (D:15)
  3 eleionomae
  3 vampire knights
  17 green draconians
  11 yellow draconians
  11 purple draconians
  11 dire elephants
  A bunyip (shapeshifter) (Elf:3)
  10 black draconians
  17 white draconians
  3 deep elf demonologists
  13 red draconians
  The ghost of kalagan the Eclecticist, a journeyman DECj of Sif Muna (Elf:1)
  4 spark wasps (Depths:3)
  10 deep elf annihilators
  5 bunyips
  16 ettins
  A crystal guardian (Vaults:2)
  A blizzard demon (Depths:1)
  7 deep elf death magi
  6 deep elf high priests
  An entropy weaver (shapeshifter) (Vaults:2)
  3 shambling mangroves
  4 fire dragons
  Josephine (Lair:4)
  25 yaktaur captains
  3 entropy weavers
  5 great orbs of eyes
  3 rakshasas (D:15)
  37 vault guards
  2 hell beasts
  23 hydras
  4 spriggan air magi
  2 peacekeepers
  5 ogre magi
  17 centaur warriors
  5 ice dragons
  A salamander tyrant (Snake:1)
  3 ghost crabs (Swamp:3)
  6 boulder beetles
  9 ironbound frosthearts
  29 dancing weapons
  Erica (D:8)
  13 anacondas
  4 alligators
  4 deep troll shamans
  18 naga warriors
  13 two-headed ogres
  16 tengu warriors
  10 naga sharpshooters
  2 vampire magi
  6 deep troll earth magi
  4 hell hogs
  Urug (D:12)
  4 soul eaters
  6 spriggan berserkers
  3 death yaks (Lair:1)
  9 spriggans
  4 sun demons
  2 hell knights (Vaults:3)
  6 shock serpents
  13 deep elf knights
  Sonja (Orc:1)
  6 orc high priests
  A skyshark (Lair:5)
  14 iron trolls
  3 shadow wraiths (Depths:2)
  4 salamander mystics
  10 goliath frogs
  3 skeletal warriors
  55 deep trolls
  9 naga ritualists
  12 swamp dragons
  4 glowing orange brains
  2 flayed ghosts (Depths:2)
  4 deep elf archers
  6 lindwurms
  8 spriggan druids
  A death drake (Gauntlet)
  Pikel (D:6)
  5 phantasmal warriors
  A spectral wolf spider (Gauntlet)
  25 ironbound convokers
  4 necromancers
  8 wizards
  8 sea snakes
  11 bog bodies
  A steelbarb worm (shapeshifter) (Vaults:5)
  10 orc knights
  An oklob plant (D:11)
  26 deep elf zephyrmancers
  8 mana vipers
  A stone giant zombie (Vaults:1)
  A wolf spider (Lair:5)
  20 deep elf pyromancers
  5 orc sorcerers
  2 manticores
  4 will-o-the-wisps
  40 moths of wrath
  A cyclops (Depths:3)
  30 elephants
  An elephant (shapeshifter) (Vaults:5)
  9 salamanders
  34 ugly things
  A stone giant skeleton (Depths:1)
  A spectral centaur (Gauntlet)
  A frost giant skeleton (Depths:1)
  2 human skeletons (Vaults:1)
  50 black mambas
  23 vault sentinels
  7 guardian serpents
  17 naga magi
  A rust devil (Depths:4)
  3 gargoyles (Depths:3)
  An ice statue (D:9)
  A torpor snail (Lair:5)
  16 cane toads
  A hellion (Depths:4)
  6 rime drakes
  A kobold demonologist (D:13)
  An unseen horror (D:12)
  2 freezing wraiths (Vaults:5)
  9 komodo dragons
  32 yaktaurs
  A yaktaur (shapeshifter) (D:14)
  2 polar bears (Lair:4)
  6 tengu conjurers
  2 queen bees
  2 ice devils
  6 trolls
  12 tyrant leeches
  3 meliai
  17 hornets
  A tarantella (Vaults:3)
  23 blink frogs
  10 dream sheep
  2 jumping spiders (Gauntlet)
  63 slime creatures
  A meliai zombie (Gauntlet)
  3 vampires
  A spriggan (shapeshifter) (Elf:1)
  3 shadows
  5 wraiths
  An ettin skeleton (Depths:1)
  7 water elementals
  59 yaks
  7 fire bats
  4 hogs
  12 wyverns
  2 ynoxinuls (Depths:1)
  4 basilisks
  A basilisk (shapeshifter) (Depths:1)
  7 fire elementals
  2 redbacks
  2 neqoxecs
  3 steam dragons
  14 vampire mosquitoes
  8 wargs
  18 swamp worms
  2 acid dragons
  42 nagas
  5 hell hounds
  31 water moccasins
  A water moccasin (shapeshifter) (Vaults:5)
  46 orc warriors
  6 ice beasts
  11 swamp drakes
  A sky beast (D:6)
  A black bear (Lair:4)
  4 ettin simulacra (Depths:2)
  20 centaurs
  9 ogres
  A tengu (shapeshifter) (Vaults:5)
  13 wolves
  A phantom (D:5)
  4 lemures
  10 kobold brigands
  14 bullfrogs
  4 necrophages (Swamp:1)
  9 scorpions
  An earth elemental (Elf:1)
  A wight (D:7)
  14 killer bees
  An oklob sapling (D:11)
  4 howler monkeys
  9 lava snakes (Volcano)
  A spectral boggart (Gauntlet)
  6 hounds
  A jelly (D:4)
  5 orc priests
  The ghost of ababab the Vexing, a weakling FeEn (D:3)
  2 gnoll boudas
  2 sleepcaps
  19 orc wizards
  5 iguanas
  7 hell rats (Lair:2)
  9 gnolls
  24 adders
  8 white imps
  An ufetubus (D:4)
  A worm (D:2)
  2 dart slugs
  70 orcs
  13 ball pythons
  3 endoplasms
  3 giant cockroaches
  6 goblins
  6 hobgoblins
  5 jackals (D:3)
  2 quokkas
  3 training dummies (Elf:2)
  10 bats
  3 frilled lizards
  49 kobolds
  8 rats
  A butterfly (Lair:5)
  3 spectral weapons
2221 creatures vanquished.

Vanquished Creatures (collateral kills)
  An orb of fire (Zot:1)
  Margery (Vaults:3)
  A golden dragon (Depths:2)
  A storm dragon (Depths:2)
  A deep elf sorcerer (Vaults:4)
  3 vault wardens (Vaults:2)
  2 ironbound preservers
  A ghoul (Vaults:2)
  A stone giant (Vaults:5)
  A vampire knight (Vaults:2)
  A deep elf death mage (Vaults:5)
  A blizzard demon (Depths:2)
  An entropy weaver (Vaults:3)
  A deep elf high priest (Depths:2)
  A vault guard (Vaults:5)
  A dancing weapon (Elf:2)
  A deep troll earth mage (Vaults:5)
  2 spriggan berserkers (Depths:2)
  2 hell knights (Vaults:3)
  3 deep trolls (Vaults:3)
  2 quicksilver dragon simulacra (Depths:2)
  An ironbound convoker (Vaults:3)
  A phantasmal warrior (Vaults:2)
  A vault sentinel (Vaults:2)
  An ice statue (Depths:2)
  An efreet (D:14)
  A yaktaur (Vaults:3)
  A freezing wraith (Depths:2)
  A jumping spider (Vaults:3)
  2 slime creatures (Vaults:2)
  3 yaks (Lair:1)
  A water moccasin (Lair:1)
  An ettin simulacrum (Depths:2)
  6 wolves (Lair:1)
50 creatures vanquished.

Vanquished Creatures (others)
  An ancient lich (Zot:1)
  A draconian stormcaller (Zot:4)
  2 deep elf knights
  A deep elf zephyrmancer (Elf:3)
  A naga mage (Snake:3)
  A tengu conjurer (Depths:2)
  A bloated husk (Swamp:2)
  2 humans (D:15)
  An orc warrior (Vaults:5)
  An ettin simulacrum (Depths:2)
  An orc (Orc:2)
  8 foxfires
  2 lurking horrors (Zot:5)
  42 spectral weapons
65 creatures vanquished.

Grand Total: 2336 creatures vanquished

Notes
Turn   | Place    | Note
-------+----------+-------------------------------------------
     0 | D:1      | grothendieck the Hill Orc Fighter began the quest for the
                  | Orb.
     0 | D:1      | Reached XP level 1. HP: 19/19 MP: 1/1
   165 | D:1      | Reached XP level 2. HP: 24/27 MP: 2/2
   703 | D:1      | Found a faded altar of an unknown god.
   946 | D:2      | Reached XP level 3. HP: 30/33 MP: 3/3
  1340 | D:2      | Reached XP level 4. HP: 39/40 MP: 4/4
  2018 | D:3      | Found a runed translucent door.
  2021 | D:3      | Noticed ababab's ghost (weakling FeEn)
  2238 | D:3      | Found Omiwis's Book Shop.
  2365 | D:3      | Reached XP level 5. HP: 47/47 MP: 5/5
  2369 | D:3      | Killed ababab's ghost
  2485 | D:4      | Reached skill level 5 in Axes
  2894 | D:4      | Reached XP level 6. HP: 49/53 MP: 6/6
  3221 | D:5      | Entered Level 5 of the Dungeon
  3354 | D:5      | Reached skill level 5 in Fighting
  3394 | D:5      | Noticed an ice beast
  3403 | D:5      | Killed an ice beast
  3404 | D:5      | Reached XP level 7. HP: 32/61 MP: 7/7
  3695 | D:4      | Reached skill level 5 in Armour
  3849 | D:5      | Reached skill level 5 in Shields
  4413 | D:6      | Reached XP level 8. HP: 69/70 MP: 8/8
  4423 | D:6      | Found Keic's General Store.
  4604 | D:6      | Bought a scroll of teleportation for 30 gold pieces
  4924 | D:6      | Found a staircase to the Ecumenical Temple.
  5513 | D:7      | Reached XP level 9. HP: 79/79 MP: 9/9
  5543 | D:6      | Reached skill level 10 in Axes
  5593 | D:7      | Noticed Pikel
  5603 | D:6      | Killed Pikel
  6100 | D:7      | Found a large runed translucent door.
  6100 | D:7      | Found a large runed translucent door.
  6278 | D:7      | Reached XP level 10. HP: 85/88 MP: 10/10
  6567 | Temple   | Entered the Ecumenical Temple
  6675 | D:7      | Found a sparkling altar of Nemelex Xobeh.
  6701 | D:7      | Became a worshipper of Nemelex Xobeh the Trickster
  6706 | D:7      | Found an ancient bone altar of Kikubaaqudgha.
  6929 | D:8      | Reached skill level 1 in Invocations
  6938 | D:8      | Noticed Erica
  6982 | D:8      | Killed Erica
  6983 | D:8      | Reached skill level 3 in Invocations
  7769 | D:8      | Reached skill level 4 in Invocations
  7861 | D:9      | Found a staircase to the Orcish Mines.
  7888 | D:9      | Found a flagged portal.
  7890 | D:9      | Reached * piety under Nemelex Xobeh
  7919 | Bailey   | Entered a bailey
  8031 | Bailey   | Reached skill level 5 in Invocations
  8070 | Bailey   | Noticed an orc knight
  8110 | Bailey   | Killed an orc knight
  8136 | Bailey   | Found a burning altar of Makhleb.
  8268 | D:9      | Reached skill level 6 in Invocations
  8336 | D:9      | Reached XP level 11. HP: 97/97 MP: 15/15
  8485 | D:9      | Noticed a two-headed ogre
  8630 | D:9      | Found Dunomam's Antique Weapon Boutique.
  8723 | D:9      | Reached skill level 7 in Invocations
  8816 | D:9      | Found a white marble altar of Elyvilon.
  8906 | D:9      | Received a gift from Nemelex Xobeh
  9089 | D:10     | Entered Level 10 of the Dungeon
  9297 | D:10     | Found a shimmering blue altar of Sif Muna.
  9429 | D:10     | Reached ** piety under Nemelex Xobeh
  9432 | D:10     | Found a staircase to the Lair.
  9513 | D:10     | Reached skill level 8 in Invocations
  9521 | D:10     | Noticed a two-headed ogre
  9531 | D:10     | Killed a two-headed ogre
  9532 | D:10     | Reached skill level 10 in Fighting
  9588 | D:10     | Received a gift from Nemelex Xobeh
  9916 | D:10     | Found a glowing silver altar of Zin.
 10209 | Lair:1   | Entered Level 1 of the Lair of Beasts
 10217 | Lair:1   | Reached skill level 9 in Invocations
 10294 | Lair:1   | Reached skill level 15 in Axes
 10477 | Lair:1   | Reached XP level 12. HP: 85/107 MP: 19/19
 10505 | Lair:1   | Reached skill level 10 in Invocations
 10586 | Lair:1   | Noticed a death yak
 10636 | Lair:1   | Killed a death yak
 10872 | Lair:1   | Noticed a death yak
 10872 | Lair:1   | Noticed a death yak
 10928 | Lair:1   | Killed a death yak
 10929 | Lair:1   | Reached skill level 10 in Armour
 10973 | Lair:1   | Killed a death yak
 10974 | Lair:1   | Reached skill level 11 in Invocations
 11224 | Lair:1   | Reached skill level 13 in Invocations
 11224 | Lair:1   | Reached XP level 13. HP: 115/115 MP: 20/22
 11329 | Lair:2   | Identified a scroll of acquirement
 11336 | Lair:2   | Acquired the amulet of Equilibrium {Reflect Drain Will++
                  | rCorr Dex+3 SH+5}
 11401 | Lair:2   | Received a gift from Nemelex Xobeh
 11541 | Lair:2   | Found a dark tunnel.
 11565 | Volcano  | Entered a volcano
 11760 | Volcano  | Reached *** piety under Nemelex Xobeh
 11976 | Volcano  | Noticed a red draconian
 12020 | Volcano  | Killed a red draconian
 12021 | Volcano  | Reached skill level 14 in Invocations
 12176 | Volcano  | Found a radiant altar of Vehumet.
 12550 | Lair:2   | Found a staircase to the Snake Pit.
 12592 | Lair:2   | Reached XP level 14. HP: 119/125 MP: 24/24
 13311 | Lair:3   | Received a gift from Nemelex Xobeh
 13392 | Lair:3   | Found a staircase to the Swamp.
 13406 | Lair:3   | Reached skill level 15 in Invocations
 13526 | Lair:3   | Reached **** piety under Nemelex Xobeh
 13779 | Lair:3   | Identified the +0 plate armour "Banoaz" {Harm rF+ MP+9
                  | Stlth+}
 14240 | Lair:4   | Reached skill level 16 in Invocations
 14376 | Lair:4   | You fall into a shaft and drop 1 floor!
 14376 | Lair:5   | Entered Level 5 of the Lair of Beasts
 14755 | Lair:5   | Reached skill level 17 in Invocations
 15360 | Lair:4   | Reached XP level 15. HP: 136/136 MP: 27/27
 15391 | Lair:4   | Noticed Josephine
 15491 | Lair:5   | Reached skill level 18 in Invocations
 15677 | Lair:4   | Received a gift from Nemelex Xobeh
 16246 | Lair:4   | Found a viscous altar of Jiyva.
 16249 | Lair:4   | Found a staircase to the Slime Pits.
 16476 | Lair:4   | Killed Josephine
 16992 | Lair:5   | Reached skill level 19 in Invocations
 17380 | Lair:5   | Received a gift from Nemelex Xobeh
 18410 | D:11     | Received a gift from Nemelex Xobeh
 18742 | Orc:1    | Entered Level 1 of the Orcish Mines
 18743 | Orc:1    | You fall into a shaft and drop 1 floor!
 18743 | Orc:2    | Entered Level 2 of the Orcish Mines
 18743 | Orc:2    | Found a staircase to the Elven Halls.
 18888 | Orc:2    | Received a gift from Nemelex Xobeh
 19513 | Orc:2    | Noticed an orc warlord
 19586 | Orc:1    | Killed an orc warlord
 19856 | Orc:1    | Reached skill level 20 in Invocations
 19912 | Orc:2    | Found Hohav's Antique Weapon Shop.
 20108 | Orc:1    | Reached ***** piety under Nemelex Xobeh
 20168 | Orc:2    | Found a roughly hewn altar of Beogh.
 20300 | Orc:1    | Reached XP level 16. HP: 147/147 MP: 30/30
 20304 | Orc:1    | Noticed Sonja
 20340 | Orc:2    | Found Taowilumn's Book Shoppe.
 20439 | Orc:2    | Found Xaebiwit's General Store.
 20557 | Orc:2    | Found Loti's Antique Armour Shop.
 20568 | Orc:2    | Reached skill level 15 in Fighting
 20887 | D:10     | Found a sacrificial altar of Ru.
 20887 | D:10     | Found a blossoming altar of Fedhas.
 20915 | D:12     | Received a gift from Nemelex Xobeh
 20984 | D:12     | Found Misaevenel's Tremendous Tomes.
 21009 | D:12     | Found a gate leading to a gauntlet.
 21023 | Gauntlet | Entered a Gauntlet
 21023 | Gauntlet | Found a transporter.
 21035 | Gauntlet | Found a transporter.
 21036 | Gauntlet | Found a transporter.
 21044 | Gauntlet | Found a transporter.
 21047 | Gauntlet | Found a transporter.
 21048 | Gauntlet | Found a transporter.
 21052 | Gauntlet | Found a runed translucent door.
 21053 | Gauntlet | Found a runed translucent door.
 21056 | Gauntlet | Found a transporter.
 21059 | Gauntlet | Found a transporter.
 21060 | Gauntlet | Found a transporter.
 21069 | Gauntlet | Found a transporter.
 21071 | Gauntlet | Found a transporter.
 21072 | Gauntlet | Found a transporter.
 21080 | Gauntlet | Found a transporter.
 21140 | Gauntlet | Found a transporter.
 21259 | Gauntlet | Identified the ring of Red Wine {rPois rC- rCorr Int+5
                  | Dex-2}
 21350 | Gauntlet | Identified the +3 ring mail of Vauqok {-Tele Rampage rN+++}
 21727 | Gauntlet | Identified the ring "Cotebria" {rF++ rC- rN+ Dex+6 SInv}
 21750 | Gauntlet | Identified the +1 ring mail "Duloshe" {rPois rF+ Int+3
                  | Stlth-}
 22108 | D:12     | Found a sacrificial altar of Ru.
 22109 | D:12     | Received a gift from Nemelex Xobeh
 22227 | D:12     | Noticed Urug
 22240 | D:12     | Killed Urug
 22407 | D:12     | Received a gift from Nemelex Xobeh
 22762 | D:13     | Reached skill level 21 in Invocations
 22957 | D:13     | Found a gate to the Vaults.
 23138 | D:13     | Identified the +4 robe of Emman {rPois}
 23370 | D:14     | Found an ornate altar of the Wu Jian Council.
 23532 | D:14     | Received a gift from Nemelex Xobeh
 24552 | D:15     | Entered Level 15 of the Dungeon
 24933 | D:15     | Noticed Kirke
 24934 | D:15     | Reached skill level 1 in Dodging
 24950 | D:15     | Noticed a sphinx
 24950 | D:15     | Killed Kirke
 25118 | D:15     | Reached skill level 22 in Invocations
 25164 | D:15     | Reached XP level 17. HP: 88/158 MP: 32/32
 25165 | D:15     | Noticed Louise
 25465 | D:15     | Noticed Azrael
 25862 | D:9      | Identified the ring "Vyiffaych" {Wiz rElec rF+++ rC- Str-5}
 26107 | D:15     | Killed Azrael
 26138 | D:15     | Received a gift from Nemelex Xobeh
 26599 | D:15     | Louise changed into Louise the broodmother
 26599 | D:15     | Noticed Louise
 26604 | D:15     | Killed Louise the broodmother
 26900 | D:15     | Found a staircase to the Depths.
 26902 | D:15     | an alligator snapping turtle changed into a quicksilver
                  | dragon
 26902 | D:15     | Noticed a quicksilver dragon (glowing shapeshifter)
 26903 | D:15     | a quicksilver dragon changed into an azure jelly
 27661 | Snake:1  | Entered Level 1 of the Snake Pit
 28465 | Snake:1  | Found Zeib's Antique Weapon Shop.
 28568 | Snake:1  | Noticed Aizul
 28584 | Snake:1  | Killed Aizul
 28651 | Snake:1  | Received a gift from Nemelex Xobeh
 28968 | Snake:1  | Reached skill level 10 in Shields
 29049 | Snake:1  | Noticed Frances
 29325 | Snake:1  | Killed Frances
 29326 | Snake:1  | Reached skill level 23 in Invocations
 31429 | Snake:2  | Reached XP level 18. HP: 166/169 MP: 24/33
 31881 | Snake:3  | Received a gift from Nemelex Xobeh
 32525 | Snake:3  | Reached skill level 24 in Invocations
 33182 | Snake:4  | Entered Level 4 of the Snake Pit
 33416 | Snake:4  | Found a transporter.
 33422 | Snake:4  | Found a transporter.
 33692 | Snake:4  | Reached skill level 15 in Armour
 34052 | Snake:4  | Received a gift from Nemelex Xobeh
 34116 | Snake:4  | Found a transporter.
 34117 | Snake:4  | Found a transporter.
 34159 | Snake:4  | Found a transporter.
 34159 | Snake:4  | Found a transporter.
 34576 | Snake:4  | Received a gift from Nemelex Xobeh
 35086 | Snake:4  | Found a bloodstained altar of Trog.
 36311 | Snake:4  | Got a serpentine rune of Zot
 36807 | Swamp:1  | Entered Level 1 of the Swamp
 36905 | Swamp:1  | Received a gift from Nemelex Xobeh
 37119 | Swamp:1  | Identified the +6 trident "Apynk" {freeze, rF++ rN+ Str-4}
 37232 | Swamp:1  | Reached XP level 19. HP: 171/179 MP: 35/35
 37309 | Swamp:1  | Reached skill level 25 in Invocations
 38652 | Swamp:2  | Noticed a tentacled monstrosity
 38669 | Swamp:2  | Killed a tentacled monstrosity
 38738 | Swamp:2  | Reached ****** piety under Nemelex Xobeh
 38738 | Swamp:2  | Received a gift from Nemelex Xobeh
 39734 | Swamp:4  | Entered Level 4 of the Swamp
 39734 | Swamp:4  | Received a gift from Nemelex Xobeh
 41289 | Swamp:4  | Noticed Nikola
 41442 | Swamp:3  | Acquired a manual of Dodging
 41637 | Vaults:1 | Entered Level 1 of the Vaults
 41754 | Vaults:1 | Reached skill level 5 in Dodging
 41754 | Vaults:1 | Reached skill level 26 in Invocations
 41998 | Vaults:1 | You fall into a shaft and drop 1 floor!
 42025 | Vaults:2 | Reached XP level 20. HP: 111/189 MP: 33/37
 42159 | Vaults:2 | Reached skill level 15 in Shields
 42273 | Vaults:2 | Received a gift from Nemelex Xobeh
 43297 | Vaults:2 | Found a staircase to the Crypt.
 44274 | Vaults:1 | Reached skill level 27 in Invocations
 44431 | Vaults:1 | Received a gift from Nemelex Xobeh
 45234 | Vaults:1 | Found Hizubes's Magic Scroll Shoppe.
 45235 | Vaults:1 | Found Abyriowna's Jewellery Shoppe.
 45238 | Vaults:1 | Bought a scroll of blinking for 120 gold pieces
 45238 | Vaults:1 | Bought a scroll of blinking for 120 gold pieces
 45238 | Vaults:1 | Bought a scroll of fog for 64 gold pieces
 45254 | Vaults:1 | Found Avvehogamu's Book Shoppe.
 45450 | Vaults:1 | Received a gift from Nemelex Xobeh
 46055 | Vaults:2 | Reached XP level 21. HP: 177/199 MP: 38/38
 47178 | Vaults:3 | Received a gift from Nemelex Xobeh
 47652 | Vaults:3 | Noticed Boris
 47685 | Vaults:3 | Killed Boris
 47939 | Vaults:3 | Noticed Margery
 47947 | Vaults:3 | Killed Margery
 48683 | Vaults:3 | Noticed Saint Roka
 48909 | Vaults:3 | Reached skill level 10 in Dodging
 49634 | Vaults:4 | Received a gift from Nemelex Xobeh
 49761 | Vaults:4 | Received a gift from Nemelex Xobeh
 50462 | Vaults:4 | Reached XP level 22. HP: 211/211 MP: 39/39
 51685 | Vaults:3 | Killed Saint Roka
 51836 | Vaults:3 | Received a gift from Nemelex Xobeh
 53218 | Orc:2    | Bought a glowing scarf for 232 gold pieces
 53294 | Orc:1    | Killed Sonja
 53670 | Elf:1    | Entered Level 1 of the Elven Halls
 53682 | Elf:1    | Reached skill level 1 in Throwing
 53984 | Elf:1    | Found Wethour's General Store.
 54132 | Elf:1    | Bought a scroll of teleportation for 42 gold pieces
 54201 | Elf:1    | Received a gift from Nemelex Xobeh
 54234 | Elf:1    | Got the Collected Works on the Missiles
 54285 | Elf:1    | Found a runed translucent gate.
 54285 | Elf:1    | Noticed kalagan's ghost (journeyman DECj)
 54286 | Elf:1    | Found a runed translucent gate.
 54286 | Elf:1    | Found a runed translucent gate.
 55012 | Elf:1    | Killed kalagan's ghost
 55376 | Elf:3    | Entered Level 3 of the Elven Halls
 55640 | Elf:2    | Found a runed translucent gate.
 55641 | Elf:2    | Found a runed translucent gate.
 55641 | Elf:2    | Found a runed translucent gate.
 55672 | Elf:2    | Found Uselowir's Firing Range.
 55697 | Elf:2    | Bought a throwing net for 57 gold pieces
 55837 | Elf:2    | Noticed Jorgrun
 55868 | Elf:2    | Killed Jorgrun
 56011 | Elf:2    | Received a gift from Nemelex Xobeh
 56095 | Elf:2    | Identified the +1 trident of Jehig {freeze, Dex+6 SInv}
 57054 | Elf:3    | Received a gift from Nemelex Xobeh
 57415 | Elf:3    | Found Hudghodeg's Magic Scroll Shop.
 57995 | Elf:3    | Reached XP level 23. HP: 163/220 MP: 40/40
 58322 | Elf:3    | Identified the +10 long sword "Roarch" {freeze, Will+ rCorr
                  | Str+3 Int+3}
 58322 | Elf:3    | Identified the ring "Weoly" {rPois rN+ Slay+6 SInv Stlth-}
 58714 | Elf:3    | Identified the staff of earth "Nuofonaf" {Will+++ Str-4}
 58872 | Elf:3    | Identified the +7 arbalest of Darkness {drain, Str+6 Int+2}
 58874 | Elf:3    | Identified the +10 arbalest "Orb Guardian's Death" {flame,
                  | rElec Dex+2}
 59420 | Swamp:4  | Killed Nikola
 59498 | Swamp:4  | Got a decaying rune of Zot
 59618 | Swamp:4  | Received a gift from Nemelex Xobeh
 60842 | Depths:1 | Entered Level 1 of the Depths
 60842 | Depths:1 | Noticed an ancient lich
 60871 | Depths:1 | Noticed a dread lich
 60878 | Depths:1 | Found a transporter.
 60903 | D:15     | Reached skill level 5 in Throwing
 61015 | Depths:1 | Noticed Gemnonof's ghost (adept DgCj)
 61096 | Depths:1 | Found a gateway to Hell.
 61513 | Depths:1 | Found Tythastruith's Overcharged Wands.
 61729 | Depths:1 | You fall into a shaft and drop 1 floor!
 61746 | Depths:2 | Noticed Mara
 62239 | Depths:1 | Received a gift from Nemelex Xobeh
 62277 | Depths:1 | Found a transporter.
 62294 | Depths:1 | Found a one-way gateway to a ziggurat.
 62683 | Depths:1 | Found a one-way gate leading to the halls of Pandemonium.
 62853 | Depths:1 | Received a gift from Nemelex Xobeh
 64016 | Depths:2 | Found a stormy altar of Qazlal.
 64028 | Depths:2 | Identified the +0 pair of boots of the Untouchables {rElec
                  | Regen+}
 64041 | Depths:2 | Identified the +9 dagger of the Swamp {venom, rC+ Dex+3}
 64107 | Depths:2 | Found an opulent altar of Gozag.
 64275 | Depths:2 | Received a gift from Nemelex Xobeh
 64536 | Depths:2 | Mara changed into Mara the hellephant
 64536 | Depths:2 | Noticed Mara
 64551 | Depths:2 | Killed Mara the hellephant
 64767 | Depths:2 | Reached XP level 24. HP: 231/232 MP: 40/40
 64787 | Depths:2 | Found a shimmering blue altar of Sif Muna.
 65123 | Depths:2 | Found a basalt altar of Yredelemnul.
 65984 | Depths:2 | Identified the +1 helmet of Dim Light {Str+3 Int-4 SInv
                  | Stlth+}
 66185 | Depths:2 | Identified the +3 long sword "Alirgh" {heavy, Dex+7}
 66220 | Depths:2 | Acquired 577 gold pieces
 66948 | Depths:3 | Found a radiant altar of Vehumet.
 67002 | Depths:3 | Learned a level 1 spell: Apportation
 67005 | Depths:3 | Learned a level 2 spell: Blink
 67008 | Depths:3 | Learned a level 2 spell: Passwall
 67011 | Depths:3 | Learned a level 2 spell: Wereblood
 67015 | Depths:3 | Learned a level 3 spell: Vhi's Electric Charge
 67018 | Depths:3 | Learned a level 2 spell: Lesser Beckoning
 67476 | Depths:3 | Found a one-way gate to the infinite horrors of the Abyss.
 67600 | Depths:4 | Entered Level 4 of the Depths
 67663 | Depths:4 | Noticed a caustic shrike
 67677 | Depths:3 | Killed a caustic shrike
 67678 | Depths:3 | Reached skill level 1 in Translocations
 67717 | Depths:4 | Noticed a caustic shrike
 67718 | Depths:4 | Noticed a caustic shrike
 67727 | Depths:3 | Killed a caustic shrike
 67749 | Depths:3 | Killed a caustic shrike
 67787 | Depths:4 | Received a gift from Nemelex Xobeh
 67815 | Depths:4 | Noticed Xtahua
 67838 | Depths:3 | Killed Xtahua
 68174 | Depths:4 | Noticed a juggernaut
 68197 | Depths:3 | Killed a juggernaut
 68522 | Depths:3 | Received a gift from Nemelex Xobeh
 69500 | Depths:4 | Found a gate to the Realm of Zot.
 69899 | Vaults:5 | Entered Level 5 of the Vaults
 70122 | Vaults:5 | Reached XP level 25. HP: 231/247 MP: 40/40
 70367 | Vaults:5 | Received a gift from Nemelex Xobeh
 70396 | Vaults:5 | Identified the +8 morningstar of the Rattlesnake {elec, rF-
                  | rN+ Str+5}
 70426 | Vaults:5 | Identified the amulet "Bauseisa" {Spirit +Inv}
 70427 | Vaults:5 | Identified the +0 trident of Deformation {spect, Str+2
                  | SInv}
 70882 | Vaults:5 | Identified the ring "Bufrafev" {rC++ AC+4}
 71107 | Vaults:5 | Reached skill level 5 in Translocations
 71212 | Vaults:5 | Identified the +6 fire dragon scales of Darkness {Harm rF++
                  | rC- rN+}
 71484 | Vaults:5 | Received a gift from Nemelex Xobeh
 71704 | Vaults:5 | Identified the +2 quarterstaff of Amorality {protect, rElec
                  | rC+ Will+ Str-5}
 71885 | Vaults:5 | Identified the +3 rapier of Wateik {flame, rF+ rN+}
 72159 | Vaults:5 | Got a silver rune of Zot
 72200 | Vaults:5 | Identified the staff of fire "Oseh" {rElec rF+ Will+ Int-3}
 72858 | Elf:3    | Bought a scroll of enchant armour for 90 gold pieces
 73121 | Vaults:1 | Bought the ring "Ubyvecwu" {rF++ rC- rN+ rCorr AC+4} for
                  | 949 gold pieces
 73121 | Vaults:1 | Bought an amulet of faith for 600 gold pieces
 73325 | Depths:1 | Bought a wand of digging (11) for 693 gold pieces
 73749 | Zot:1    | Entered Level 1 of the Realm of Zot
 73974 | Depths:4 | Reached skill level 1 in Spellcasting
 74076 | Zot:1    | Identified the +8 war axe of Liw Ohor {freeze, Int+3}
 74122 | Zot:1    | Received a gift from Nemelex Xobeh
 74287 | Zot:1    | Noticed an orb of fire
 74839 | Zot:1    | Reached XP level 26. HP: 253/260 MP: 13/40
 75792 | Zot:1    | Received a gift from Nemelex Xobeh
 75826 | Zot:1    | Killed an orb of fire
 76350 | Zot:1    | Noticed an ancient lich
 76370 | Zot:1    | Killed an ancient lich
 76403 | Zot:1    | Noticed an ancient lich
 76414 | Zot:1    | Killed an ancient lich
 76516 | Zot:1    | Reached skill level 15 in Dodging
 76813 | Zot:2    | Noticed an orb of fire
 77215 | Zot:2    | Gained mutation: Your spells are a little easier to cast,
                  | but a little less powerful. [an orb of fire]
 77225 | Zot:2    | Killed an orb of fire
 77913 | Zot:1    | Reached skill level 1 in Transmutations
 77913 | Zot:1    | Reached skill level 1 in Air Magic
 78010 | Zot:3    | Noticed an orb of fire
 78022 | Zot:2    | Gained mutation: You are vulnerable to heat. (rF-) [an orb
                  | of fire]
 78028 | Zot:2    | Gained mutation: You sometimes lose your temper in combat.
                  | [an orb of fire]
 78039 | Zot:2    | Killed an orb of fire
 78078 | Zot:2    | Lost mutation: Your spells are a little easier to cast, but
                  | a little less powerful. [potion of mutation]
 78078 | Zot:2    | Lost mutation: You are vulnerable to heat. (rF-) [potion of
                  | mutation]
 78078 | Zot:2    | Lost mutation: You sometimes lose your temper in combat.
                  | [potion of mutation]
 78078 | Zot:2    | Gained mutation: You expend magic power (3 MP) to
                  | strengthen your wands. [potion of mutation]
 78078 | Zot:2    | Gained mutation: You are agile. (Dex +4, Str/Int -1)
                  | [potion of mutation]
 78204 | Zot:2    | Learned a level 4 spell: Passage of Golubria
 79450 | Zot:3    | Received a gift from Nemelex Xobeh
 79831 | Zot:5    | Entered Level 5 of the Realm of Zot
 79831 | Zot:5    | Noticed a Killer Klown
 79831 | Zot:5    | Noticed an orb of fire
 79831 | Zot:5    | Noticed a Killer Klown
 79831 | Zot:5    | Noticed a Killer Klown
 79832 | Zot:5    | TELE TRAP INTO LUNGS fUNaNdExcITIng
 79844 | Zot:5    | Reached XP level 27. HP: 269/269 MP: 13/40
 79889 | Zot:4    | Received a gift from Nemelex Xobeh
 80674 | Zot:5    | Found a corrupted altar of Lugonu.
 81033 | Zot:5    | Noticed an ancient lich
 81061 | Zot:5    | Killed an ancient lich
 81385 | Zot:5    | Noticed an ancient lich
 81435 | Zot:5    | Killed an ancient lich
 81621 | Zot:5    | Found a corrupted altar of Lugonu.
 82074 | Zot:5    | Noticed an orb of fire
 82076 | Zot:5    | Gained mutation: Your magical capacity is low. (-10% MP)
                  | [an orb of fire]
 82095 | Zot:5    | Killed an orb of fire
 82480 | Zot:5    | Gained mutation: You are frail. (-10% HP) [an orb of fire]
 82484 | Zot:5    | Lost mutation: Your magical capacity is low. (-10% MP) [an
                  | orb of fire]
 82502 | Zot:5    | Killed an orb of fire
 82674 | Zot:5    | Noticed an orb of fire
 82856 | Zot:5    | Reached skill level 10 in Translocations
 83030 | Zot:5    | Lost mutation: You are frail. (-10% HP) [potion of
                  | mutation]
 83030 | Zot:5    | Lost mutation: You expend magic power (3 MP) to strengthen
                  | your wands. [potion of mutation]
 83030 | Zot:5    | Lost mutation: You are agile. (Dex +4, Str/Int -1) [potion
                  | of mutation]
 83030 | Zot:5    | Gained mutation: You have large cloven feet. [potion of
                  | mutation]
 83030 | Zot:5    | Gained mutation: Your muscles are strong. (Str +4, Int/Dex
                  | -1) [potion of mutation]
 83030 | Zot:5    | Gained mutation: Your natural rate of healing is unusually
                  | fast. [potion of mutation]
 83043 | Zot:5    | Got the Orb of Zot
 83135 | Zot:1    | Noticed Muvolour the pandemonium lord
 83237 | D:15     | Gained mutation: You have hidden genetic defects. [a
                  | neqoxec]
 83286 | D:14     | Noticed Estasch the pandemonium lord
 83549 | D:$      | Escaped with the Orb!

Illustrated notes

▓▓▓..........
▓▓............
▓.............
▓......p......
▓.............
X▓^.^..........
..............*
▓.....@..p..9.
▓..........^..
▓........)....
#.......p.....
##.......^....
##▓..........
▓▓▓▓....^..
▓▓▓▓▓▓▓


Turn 79832 on Zot:5: TELE TRAP INTO LUNGS fUNaNdExcITIng

Levels and vault maps discovered:
D:1:      spicycebolla_green_bress_n_ham_2, layout_loops_ring,
          dilly_ecumenical_altar_fadedgnrine
D:2:      layout_basic
D:3:      layout_basic, serial_shops, nicolae_diamond_shop,
          ebering_ghost_sewer_d
D:4:      layout_basic, serial_co_window_serial, co_window_paths_b,
          co_window_paths_b, co_window_corner_a, co_window_cross_1,
          co_window_of_opportunity_a, co_window_broadway_a, co_window_corner_b,
          co_window_broadway_b, co_window_corner_b, co_window_paths_e,
          co_window_4corner_b, glass_columns_a, minivault_25
D:5:      layout_gridville
D:6:      layout_basic, minmay_temple_entry_drinking_statues, serial_shops,
          shop, minmay_holes, nicolae_half_adder
D:7:      layout_loops_ring, jmf_multi_god_temple2,
          hangedman_abyss_or_decor_slice, minmay_checkerbox, uniq_pikel
D:8:      old_forge, layout_loops_ring, uniq_erica
D:9:      layout_roguey, elyvilon_altar_5, david_orc_1_choice, serial_shops,
          nicolae_shop_statue_plus, enter_bailey_2, minivault_15
D:10:     layout_basic, nicolae_overflow_hidden_temple,
          mainiacjoe_overflow_concentric_impassable, hellmonk_lair_entry_icy,
          nicolae_two_hexagons
D:11:     layout_cave_pools, grunt_ministairs_15, kb_lookout_dungeons_type,
          introduction_to_nature_2
D:12:     layout_roguey, gauntlet_entry_generic, nicolae_shop_i_like_big_books,
          nicolae_ru_awakened_eye, uniq_urug
D:13:     layout_roguey, erik_vaults_1
D:14:     layout_loops_cross, nicolae_wu_jian_wuxing_cycle
D:15:     gammafunk_enter_depths_forms, layout_loops_ring,
          palyth_stone_intersect, uniq_louise, uniq_kirke, uniq_azrael
Temple:   minmay_freezing_vapour_temple
Lair:1:   layout_cave_pods
Lair:2:   layout_cave_pods, minmay_snake_entry_six_corridors,
          nicolae_volcano_entry_vermiform, grunt_forest_small_clearings
Lair:3:   layout_roguey, skrybe_swamp_entry_bodies, pdpol_lair_neglected_garden,
          serial_bayou_shore_a, lemuel_fruit_tree
Lair:4:   layout_regular_city, slime_entry_1, grunt_megastairs_3, uniq_josephine
Lair:5:   hangedman_lair_tendril_chambers, layout_misc_corridors,
          guppyfry_lair_end_dragon, lemuel_fruit_fields
Swamp:1:  layout_falls_marsh, evilmike_swamp_ruin_rubble_2, swamp_pool4,
          hangedman_swamp_ravenous, infiniplex_staircase_pool_2
Swamp:2:  layout_basic_swamp, hangedman_swamp_diagram, swamp_pool4
Swamp:3:  layout_basic_swamp, nicolae_swamp_treefoil, swamp_pool1
Swamp:4:  swamp_alternative, layout_basic_swamp, uniq_nikola
Snake:1:  layout_misc_corridors, serial_shops, shop_statue,
          nicolae_snake_magic_snake_eye, uniq_aizul, uniq_frances
Snake:2:  layout_gridlike, nicolae_triple_integral
Snake:3:  layout_gridlike
Snake:4:  grunt_snake_rune_pools, layout_cave_town, basic_altar,
          serial_nicolae_subway, nicolae_sub_station_crystal,
          nicolae_sub_station_stone, nicolae_sub_station_metal
Orc:1:    cheibrodos_orc_arena, layout_diamond_mine, nicolae_orc_lava_tube,
          uniq_sonja
Orc:2:    grunt_orc_gardens, layout_caves, grunt_orc_garden, grunt_orc_garden,
          grunt_orc_garden, grunt_orc_garden, basic_altar
Elf:1:    eino_elf_arrival_the_gate, layout_onion_city, serial_shops,
          shop_fountains, ebering_ghost_rock_garden, minmay_elf_annihilation
Elf:2:    nicolae_elf_blades_crystal_corner, layout_rooms,
          nicolae_shop_firing_range, uniq_jorgrun
Elf:3:    elf_hall_gauntlet_wide, layout_gridlike, serial_shops, shop_scrolls,
          grunt_megastairs_2
Vaults:1: v_misc_31, hangedman_vaults_stitches, hangedman_vaults_slice,
          ontoclasm_vaults_bender, nicolae_vaults_layer_cake_slice,
          ontoclasm_vaults_chip, hangedman_vaults_hard_town_square,
          nicolae_vaults_trapezoid_lopsided_2, vaults_room_semicircle,
          nicolae_vaults_windows_and_doors_thing,
          nicolae_vaults_surprise_closet, ontoclasm_vaults_ring_small,
          nicolae_vaults_tetromino_L_2, layout_vaults_ring
Vaults:2: nicolae_vaults_wine_cellar, vaults_room_large_hall,
          hangedman_vaults_restitches, minmay_crypt_entry_simple_corners,
          vaults_dpeg_encased_lava, nicolae_vaults_house_2,
          nicolae_vaults_minivaults, nicolae_vaults_storage_closets_1,
          v_misc_29, nicolae_vaults_triangles, v_pattern_2,
          nicolae_vaults_little_squares_1, layout_vaults_maze
Vaults:3: nicolae_vaults_little_ls, v_rooms_4, serial_ice_g,
          vaults_mumra_minichess, dpeg_vaults_monster_box,
          nicolae_vaults_stepped_doors, nicolae_vaults_octagons,
          hangedman_vaults_stretched_pinwheel, nicolae_vaults_tetromino_Z_1,
          nicolae_vaults_tetromino_T_1, v_misc_25, layout_vaults_omnicross,
          uniq_saint_roka, uniq_margery, uniq_boris
Vaults:4: nicolae_vaults_offset_grid_hallway_3,
          nicolae_vaults_offset_grid_hallway_2, nicolae_vaults_alarming,
          v_misc_11, v_misc_8, v_misc_32, nicolae_vaults_closet_pinwheel_4,
          nicolae_vaults_specimen_jars, layout_vaults_omnigrid
Vaults:5: serial_shops
Depths:1: layout_cave_pools, enter_ziggurat_b, rand_demon_pan_entry_5,
          hell_entry, gammafunk_ghost_abyssal_escape, statue_in_the_mist_lemuel,
          minmay_misc_feat_tiny, minmay_crystal_water,
          chequers_serial_rivers_small_b, grunt_ministairs_15,
          hangedman_decor_lopped, nicolae_shop_overcharged_wands
Depths:2: grunt_profane_halls [grunt_profane_temple_coc,
          grunt_profane_temple_tar, grunt_profane_temple_dis,
          grunt_profane_temple_geh, grunt_profane_loot], hell_entry, pan_entry,
          uniq_josephina, uniq_mara
Depths:3: grated_community_mu [grated_community_mu_vampire_home,
          grated_community_mu_giant_home, grated_community_mu_spellcaster_home,
          grated_community_mu_orcish_home, grated_community_mu_troll_home,
          grated_community_mu_taur_home, grated_community_mu_unbuilt_plot],
          layout_gridlike, nicolae_vehumet_radiance, abyss_entry_crystal,
          hell_entry, pan_entry
Depths:4: grunt_zot_entry_gee_three, layout_honeycomb, grunt_mini_vestibule,
          abyss_entry, uniq_xtahua
Zot:1:    grunt_deathspiral_small, layout_cathedral_of_symmetry,
          kennysheep_underground_church
Zot:2:    layout_misc_corridors, grunt_ministairs_2, zot_minivault_6
Zot:3:    layout_misc_corridors
Zot:4:    layout_misc_corridors
Zot:5:    layout_misc_corridors, amcnicky_altar_lugonu_corruption

Skill      XL: |  1  2  3  4  5  6  7  8  9 10 11 12 13 14 15 16 17 18 19 20 21 22 23 24 25 26 27 |
---------------+----------------------------------------------------------------------------------+-----
Axes           | 3 4 5 6 7 9 11 13 15 17 18 | 18.0
Fighting       | 4 5 7 8 9 10 11 13 14 16 17 18 19 20 21 23 24 25 26 | 26.8
Shields        | 4 5 6 7 9 10 13 14 16 18 19 20 21 22 23 | 23.2
Armour         | 4 5 6 7 8 9 10 12 13 14 15 16 17 18 19 20 21 22 | 22.2
Invocations    | 6 9 13 14 17 20 22 23 24 26 27 | 27.0
Dodging        | 1 4 5 8 10 12 13 14 15 | 15.9
Throwing       | 4 6 7 |  7.7
Translocations | 3 6 8 10 | 10.1
Spellcasting   | 2 4 |  4.0
Transmutations | 2 |  2.8
Air Magic      | 2 3 |  3.1

Action                     |  1- 3 |  4- 6 |  7- 9 | 10-12 | 13-15 | 16-18 | 19-21 | 22-24 | 25-27 || total
---------------------------+-------+-------+-------+-------+-------+-------+-------+-------+-------++-------
  Melee: War axe           |   109 |   106 |   230 |   315 |   698 |  1151 |  1106 |   498 |       ||  4213
         Broad axe         |       |       |       |       |    17 |    18 |   155 |  1351 |  1950 ||  3491
  Throw: Dart              |       |       |       |     2 |       |       |       |       |       ||     2
 Invoke: Draw Destruction  |       |       |       |     4 |     1 |    10 |    16 |    18 |     5 ||    54
         Draw Summoning    |       |       |       |     1 |       |     3 |     2 |     2 |       ||     8
         Stack Five        |       |       |       |       |       |     2 |     1 |     1 |       ||     4
         Draw Escape       |       |       |       |       |       |     1 |     2 |     3 |       ||     6
         Deal Four         |       |       |       |       |       |     1 |     8 |     6 |     2 ||    17
         Draw Stack        |       |       |       |       |       |     5 |       |     4 |     3 ||    12
  Evoke: Phial of floods   |       |       |       |       |       |       |     2 |       |       ||     2
         Wand              |       |       |       |       |       |       |       |     2 |     4 ||     6
    Use: Scroll            |     1 |     5 |     4 |    16 |     7 |     4 |     1 |     7 |    32 ||    77
         Potion            |       |     1 |       |     3 |     3 |     2 |     2 |     6 |     3 ||    20
   Stab: Distracted        |       |       |     4 |     4 |    20 |    33 |    31 |    14 |       ||   106
         Petrified         |       |       |       |       |       |       |     6 |       |       ||     6
         Petrifying        |       |       |       |       |       |       |     3 |       |       ||     3
 Armour: Scale mail        |    46 |     4 |       |       |       |       |       |       |       ||    50
         Chain mail        |       |    42 |   125 |    97 |   214 |     1 |       |       |       ||   479
         Plate armour      |       |       |       |    14 |    43 |   362 |   426 |   402 |    63 ||  1310
         Ring mail         |       |       |       |       |       |     4 |       |       |       ||     4
         Storm dragon scal |       |       |       |       |       |       |       |    60 |       ||    60
         Gold dragon scale |       |       |       |       |       |       |       |       |   764 ||   764
  Dodge: Dodged            |    47 |    39 |    67 |    82 |   133 |   190 |   263 |   408 |   471 ||  1700
  Block: Buckler           |    28 |    25 |    74 |    82 |   304 |    41 |       |       |       ||   554
         Reflection        |       |       |       |       |    27 |   118 |   100 |   121 |    61 ||   427
         Kite shield       |       |       |       |       |       |   454 |       |       |       ||   454
         Tower shield      |       |       |       |       |       |   372 |  1230 |  1695 |  1949 ||  5246
